 Dungeon Crawl Stone Soup version 0.22-a0-253-gf9d0ce56dd (webtiles) character file.

87 RedPan the Slasher (level 4, -4/35 HPs)
             Began as a Demonspawn Monk on Mar 3, 2018.
             Shot with an arrow by a centaur (7 damage)
             ... on level 3 of the Dungeon.
             The game lasted 00:03:17 (2124 turns).

RedPan the Slasher (Demonspawn Monk)                Turns: 2124, Time: 00:03:18

Health: -4/35      AC:  3    Str: 12    XL:     4   Next: 28%
Magic:  4/4        EV: 14    Int: 12    God:
Gold:   145        SH:  0    Dex: 15    Spells: 3/3 levels left

rFire    . . .     SeeInvis .   a - +0 falchion
rCold    . . .     Gourm    .   (no shield)
rNeg     . . .     Faith    .   b - +0 robe
rPois    +         Spirit   .   (no helmet)
rElec    .         Reflect  .   h - +0 cloak
rCorr    .         Harm     .   (no gloves)
MR       .....                  (no boots)
Stlth    ++........             (no amulet)
HPRegen  0.11/turn              j - ring of poison resistance
MPRegen  0.09/turn              (no ring)

@: no status effects
A: powered by death 2
a: no special abilities


You were on level 3 of the Dungeon.
You were not hungry.

You visited 1 branch of the dungeon, and saw 3 of its levels.

You collected 145 gold pieces.

Inventory:

Hand Weapons
 a - a +0 falchion (weapon)
Armour
 b - a +0 robe (worn)
 h - a +0 cloak (worn)
Jewellery
 d - an uncursed ring of fire
 j - a ring of poison resistance (left hand)
Wands
 k - a wand of paralysis (12)
Scrolls
 e - a scroll of amnesia
 f - 2 scrolls of teleportation
Potions
 g - 2 potions of flight
 o - a potion of heal wounds {unknown}
 q - 2 potions of magic
Comestibles
 c - 4 rations


   Skills:
 - Level 3.0 Fighting
 * Level 4.1 Long Blades
 + Level 3.4 Dodging
 - Level 1.7 Stealth


You had 3 spell levels left.
You didn't know any spells.

Dungeon Overview and Level Annotations

Branches:
Dungeon (3/15)

Altars:


Innate Abilities, Weirdness & Mutations

You regenerate health from kills.


Message History

You closely miss the quokka.
The quokka is heavily wounded.
The centaur shoots an arrow.
The arrow hits you. The quokka barely misses you.
You riposte.
You miss the quokka.
The quokka is heavily wounded.
The centaur shoots an arrow.
The arrow hits you!
* * * LOW HITPOINT WARNING * * *
The kobold shoots a poisoned needle.
The poisoned needle hits you! The quokka bites you.
* * * LOW HITPOINT WARNING * * *
You are too injured to fight recklessly!
You are too injured to fight recklessly!
You are too injured to fight recklessly!
You are too injured to fight recklessly!
You are too injured to fight recklessly!
You are too injured to fight recklessly!
You are too injured to fight recklessly!
The quokka twitches its whiskers.
The centaur shoots an arrow.
The arrow hits you!
You die...

*,####>............'........#
#
*,,,,,.....#.#.....###.###..#
# ******.##.....########.#
#..## #
*..+..............###...# #
*.##.....(######......#.# #
*.#######(# #.######.### *.#
#(# #.# #..##
*,*######(######.#######.##
*,.......(@(...............
**###......(...#.########.#
*****#......rrc.#+#**** #..
*,,,,+......K.......,,####.#
*,***#..............,,+..<.#
******,*
#..............,,####..
,,,,,,,* #..............,,*
#.. ********
#..............,,* #.. ,*
#..........####*** #.#


You could see a centaur, 2 quokkas and a kobold.

Vanquished Creatures
  Terence (D:2)
  An adder (D:2)
  3 worms
  2 leopard geckos
  A giant cockroach (D:2)
  4 goblins
  4 hobgoblins
  3 jackals (D:2)
  5 kobolds
  A quokka (D:3)
  A ball python (D:2)
  11 bats
  2 frilled lizards
  5 rats
44 creatures vanquished.

Notes
Turn   | Place    | Note
-------+----------+-------------------------------------------
     0 | D:1      | RedPan the Demonspawn Monk began the quest for the Orb.
     0 | D:1      | Reached XP level 1. HP: 18/18 MP: 1/1
   110 | D:1      | Reached skill level 3 in Long Blades
   290 | D:1      | Gained mutation: You regenerate a little health from kills. [demonic ancestry]
   290 | D:1      | Reached XP level 2. HP: 23/24 MP: 2/2
  1047 | D:2      | Noticed Terence
  1084 | D:2      | Killed Terence
  1084 | D:2      | Gained mutation: You regenerate health from kills. [demonic ancestry]
  1084 | D:2      | Reached XP level 3. HP: 2/29 MP: 3/3
  1616 | D:2      | Reached skill level 4 in Long Blades
  1616 | D:2      | Reached XP level 4. HP: 26/35 MP: 4/4
  2119 | D:3      | Noticed a centaur
  2124 | D:3      | Shot with an arrow by a centaur

Vault maps used:
D:1:      minmay_arrival_four_loops, minmay_hedge_maze
D:2:      minivault_24, kennysheep_cross_room, uniq_terence

Skill      XL: |  1  2  3 |
---------------+----------+-----
Long Blades    | 3 4 |  4.1
Dodging        | 3 |  3.4
Fighting       | |  3.0
Stealth        | |  1.7

Action                   |  1- 3 |  4- 6 || total
-------------------------+-------+-------++-------
Melee: Falchion          |   112 |    51 ||   163
  Use: Potion            |     2 |       ||     2
       Scroll            |       |     8 ||     8
 Stab: Sleeping          |     3 |     2 ||     5
  Eat: Chunk             |     2 |     2 ||     4
Armor: Robe              |    23 |     9 ||    32
Dodge: Dodged            |   126 |    45 ||   171
       Rpst.: Falchion   |    41 |     9 ||    50

Table legend:
 A = Spawn XP
 B = Non-spawn XP
 C = Spawn XP percentage of total XP
 D = Spawn monster count
 E = Non-spawn monster count
 F = Spawn count percentage of total count
 G = Total turns spent on level
                    A         B        C        D         E        F      G
               +---------+---------+-------+---------+---------+-------+---------
         Total |       0 |     125 |   0.0 |       0 |      44 |   0.0 |  2124
               +---------+---------+-------+---------+---------+-------+---------
           D:1 |       0 |      22 |   0.0 |       0 |      15 |   0.0 |   970
           D:2 |       0 |      92 |   0.0 |       0 |      24 |   0.0 |  1064
           D:3 |       0 |      11 |   0.0 |       0 |       5 |   0.0 |    90
               +---------+---------+-------+---------+---------+-------+---------
